 Dungeon Crawl Stone Soup version 0.25-a0-578-gc91f01c (webtiles) character file.

Game seed: 11684136024463867591, levelgen mode: deterministic

12761 BlueFish the Carver (level 11, -3/101 HPs)
             Began as a Minotaur Fighter on Mar 5, 2020.
             Was an Elder of Yredelemnul.
             Slain by a death knight
             ... wielding a +4 glaive
              (22 damage)
             ... on level 11 of the Dungeon.
             The game lasted 00:23:43 (11594 turns).

BlueFish the Carver (Minotaur Fighter)             Turns: 11594, Time: 00:23:43

Health: -3/101     AC: 18    Str: 26    XL:     11   Next: 66%
Magic:  14/14      EV:  8    Int:  5    God:    Yredelemnul [****..]
Gold:   696        SH:  6    Dex: 14    Spells: 10/10 levels left

rFire    . . .     SeeInvis .   q - +1 long sword (vorpal)
rCold    . . .     Gourm    .   u - +0 buckler
rNeg     . . .     Faith    .   A - +0 plate armour
rPois    .         Spirit   .   (helmet restricted)
rElec    .         Reflect  .   s - +2 cloak {+Inv}
rCorr    .         Harm     .   (no gloves)
MR       .....                  (no boots)
Stlth    ..........             (no amulet)
HPRegen  0.26/turn              H - +6 ring of strength
MPRegen  0.14/turn              (no ring)

@: no status effects
A: retaliatory headbutt, horns 2
a: Recall Undead Slaves, Injury Mirror, Animate Dead, Drain Life, Renounce
Religion, Evoke Invisibility


You were on level 11 of the Dungeon.
You worshipped Yredelemnul.
Yredelemnul was greatly pleased with you.
You were very hungry.

You visited 2 branches of the dungeon, and saw 12 of its levels.
You also visited: Sewer.

You collected 738 gold pieces.
You spent 42 gold pieces at shops.

Inventory:

Hand Weapons
 a - a +0 long sword
 d - a +2 falchion of holy wrath
 m - a +0 short sword of venom
 q - a +1 vorpal long sword (weapon)
Armour
 c - a +0 kite shield
 s - a +2 cloak of invisibility (worn)
 u - a +0 buckler (worn)
 A - a +0 plate armour (worn)
Jewellery
 H - a +6 ring of strength (left hand)
Wands
 n - a wand of enslavement (12)
 o - a wand of random effects (8)
Scrolls
 b - a scroll of fog {unknown}
 e - 3 scrolls of amnesia
 t - 2 scrolls of identify
 x - 3 scrolls of remove curse
 y - 3 scrolls of teleportation
 z - 2 scrolls of enchant armour
Potions
 g - a potion of experience {unknown}
 h - 3 potions of brilliance
 i - a potion of lignification
 j - 5 potions of curing
 k - a potion of stabbing {unknown}
 l - 3 potions of berserk rage
 p - a potion of haste {unknown}
 r - a potion of magic {unknown}
 w - 2 potions of ambrosia {unknown}
 D - 3 potions of mutation
 E - a potion of invisibility {unknown}
 F - a potion of resistance
 G - a potion of heal wounds {unknown}
Comestibles
 f - 26 rations


   Skills:
 * Level 10.6 Fighting
 + Level 0.9(8.0) Short Blades
 * Level 13.2 Long Blades
 + Level 10.6 Armour
 + Level 1.6 Dodging
 * Level 8.5 Shields
 * Level 6.5 Invocations


You had 10 spell levels left.
You didn't know any spells.
Your spell library was empty.

Dungeon Overview and Level Annotations

Branches:
Dungeon (11/15)            Temple (1/1) D:7            Lair (0/6) D:10
  Sewer (visited)
    Orc: D:9-12

Altars:
Ashenzari
Cheibriados
Dithmenos
Elyvilon
Fedhas
Gozag
Hepliaklqana
Kikubaaqudgha
Makhleb
Nemelex Xobeh
Okawaru
Qazlal
Ru
Sif Muna
Trog
Uskayaw
Vehumet
Wu Jian
Xom
Yredelemnul
Zin
The Shining One

Shops:
D:6 %*?*[   D:9 *

Annotations:
D:3 Blork the orc


Innate Abilities, Weirdness & Mutations

You reflexively headbutt those who attack you in melee.
You have a pair of horns on your head.


Message History

You barely miss the death knight. You headbutt the death knight.
The death knight is heavily wounded.
The death knight reflects your damage back at you!
The crimson imp blinks!
The freezing wraith hits you. The freezing wraith freezes you!
The freezing wraith hits you but does no damage.
You hit the death knight. Your headbutt misses the death knight.
The death knight is severely wounded.
The death knight reflects your damage back at you!
The death knight hits you with a +4 glaive!
The phantasmal warrior blinks!
You hit the death knight. Your headbutt misses the death knight.
The death knight is severely wounded.
The death knight reflects your damage back at you!
The freezing wraith hits you. The freezing wraith freezes you!
* * * LOW HITPOINT WARNING * * *
The freezing wraith barely misses you.
The death knight hits you with a +4 glaive!!
You die...
Your body rises from the dead as a mindless zombie.

##...#........#...
##........#...#.....
#........#...##.<...
######......#.##..###.#.#
#.##.......##.....# ###..
##.##....... #....### #.#
#........### ##.....##
#.#
#<...§.....###.......#
..#
###..5..W@§.........##
#..
#...W.p##.###...........
##.....##.# ............
##....##.. ............
......#................
..............##.........
............##... .....
... .........#.## ..##
... .J#......... ... ...


You could see a death knight, a phantasmal warrior, a freezing wraith and a
crimson imp.

Vanquished Creatures
  A hydra (D:11)
  A death yak (D:10)
  2 two-headed ogres
  Urug (D:10)
  An unseen horror (D:10)
  Maggie (D:6)
  2 trolls
  Prince Ribbit (D:7)
  2 hornets
  4 hippogriffs
  Sigmund (D:3)
  2 yaks (D:10)
  A wyvern (D:10)
  A hungry ghost (D:10)
  A soldier ant (D:8)
  A porcupine (D:10)
  2 black bears (D:9)
  6 orc warriors
  An eye of draining (D:10)
  2 sky beasts (D:9)
  2 ice beasts
  A necrophage (D:5)
  8 ogres
  6 centaurs
  2 crocodiles
  3 big kobolds
  7 bullfrogs
  A wyvern skeleton (D:11)
  4 scorpions
  3 killer bees (D:4)
  2 howler monkeys
  2 bullfrog zombies
  5 crimson imps
  A centaur zombie (D:5)
  8 orc wizards
  5 orc priests
  4 hounds
  3 jellies
  Ijyb (D:4)
  Crazy Yiuf (D:4)
  Jessica (D:2)
  4 iguanas
  5 worker ants
  A hound zombie (D:7)
  A hound skeleton (D:3)
  4 gnolls
  A howler monkey skeleton (D:9)
  5 adders
  A river rat (D:10)
  2 shadow imps
  2 oozes
  An adder zombie (D:8)
  4 worms
  A dart slug (D:3)
  5 leopard geckos
  29 orcs
  3 giant cockroaches
  7 goblins
  6 hobgoblins
  12 jackals
  16 kobolds
  3 quokkas
  2 ball pythons (D:9)
  14 bats
  4 frilled lizards
  A leopard gecko zombie (D:7)
  A quokka zombie (D:6)
  5 rats
  A fungus (D:4)
245 creatures vanquished.

Vanquished Creatures (collateral kills)
  2 death yaks (D:10)
  2 hornets (D:8)
  A wraith (D:10)
  A phantom (D:10)
  A crocodile (D:10)
  A bullfrog (D:11)
  A scorpion (D:9)
  A hound (D:10)
  A hell rat (D:10)
  A river rat (D:10)
  5 orcs
  A quokka (D:10)
  A kobold (D:11)
  2 bushes (D:6)
  3 plants (D:10)
24 creatures vanquished.

Vanquished Creatures (others)
  A hydra zombie (D:11)
  2 flying skulls (D:8)
  A wyvern zombie (D:10)
  A hippogriff zombie (D:10)
  A bullfrog zombie (D:10)
  A centaur skeleton (D:5)
  An ogre zombie (D:8)
  A crocodile zombie (D:10)
  A big kobold zombie (D:11)
  2 ogre skeletons
  A hound zombie (D:10)
  A hound skeleton (D:11)
  An iguana skeleton (D:8)
  A gnoll zombie (D:10)
  A frilled lizard skeleton (D:5)
  A gnoll skeleton (D:10)
  4 kobold zombies (D:11)
  6 orc skeletons
  3 orc zombies
  2 plants (D:10)
33 creatures vanquished.

Grand Total: 302 creatures vanquished

Notes
Turn   | Place    | Note
-------+----------+-------------------------------------------
     0 | D:1      | BlueFish the Minotaur Fighter began the quest for the Orb.
     0 | D:1      | Reached XP level 1. HP: 19/19 MP: 0/0
    32 | D:1      | Reached XP level 2. HP: 24/27 MP: 1/1
   195 | D:1      | Reached XP level 3. HP: 33/33 MP: 2/2
   558 | D:2      | Reached skill level 3 in Long Blades
   671 | D:2      | Found a snail-covered altar of Cheibriados.
   727 | D:2      | Found an opulent altar of Gozag.
   812 | D:2      | Found a basalt altar of Yredelemnul.
   814 | D:2      | Noticed a profane servitor
   819 | D:2      | Became a worshipper of Yredelemnul the Dark
   832 | D:2      | Found a glowing golden altar of the Shining One.
   876 | D:2      | Found a sparkling altar of Nemelex Xobeh.
   876 | D:2      | Noticed Jessica
   882 | D:2      | Killed Jessica
   882 | D:2      | Reached XP level 4. HP: 38/41 MP: 3/3
  1179 | D:2      | Noticed an angel
  1246 | D:3      | Found a glowing drain.
  1259 | Sewer    | Entered a sewer
  1285 | Sewer    | Noticed a crocodile
  1293 | Sewer    | Killed a crocodile
  1293 | Sewer    | Reached skill level 5 in Fighting
  1293 | Sewer    | Reached XP level 5. HP: 48/48 MP: 4/4
  1371 | D:3      | Reached skill level 5 in Armour
  1500 | D:3      | Reached skill level 4 in Long Blades
  1500 | D:3      | Reached skill level 1 in Invocations
  1734 | D:3      | Noticed Blork the orc
  1740 | D:3      | Found a shimmering blue altar of Sif Muna.
  1855 | D:3      | Noticed Sigmund
  1867 | D:3      | Killed Sigmund
  1867 | D:3      | Reached skill level 5 in Long Blades
  1867 | D:3      | Reached XP level 6. HP: 28/56 MP: 4/6
  1918 | D:3      | Reached * piety under Yredelemnul
  2241 | D:4      | Found a white marble altar of Elyvilon.
  2241 | D:4      | Found a bloodstained altar of Trog.
  2246 | D:4      | Found an ornate altar of the Wu Jian Council.
  2248 | D:4      | Found a sacrificial altar of Ru.
  2250 | D:4      | Found a stormy altar of Qazlal.
  2401 | D:4      | Reached XP level 7. HP: 45/62 MP: 7/7
  2895 | D:4      | Found a shattered altar of Ashenzari.
  2952 | D:4      | Noticed Ijyb
  2964 | D:4      | Killed Ijyb
  3357 | D:4      | Found a runed translucent door.
  3358 | D:4      | Noticed Crazy Yiuf
  3364 | D:4      | Killed Crazy Yiuf
  3424 | D:5      | Entered Level 5 of the Dungeon
  3436 | D:5      | Reached skill level 6 in Long Blades
  3616 | D:5      | Found a burning altar of Makhleb.
  3616 | D:5      | Found a radiant altar of Vehumet.
  3672 | D:5      | Reached skill level 1 in Dodging
  3672 | D:5      | Reached skill level 5 in Shields
  3812 | D:5      | Reached XP level 8. HP: 70/70 MP: 8/8
  3850 | D:5      | Reached skill level 7 in Long Blades
  4036 | D:5      | Reached ** piety under Yredelemnul
  4261 | D:6      | Found Zuantenoesm's Armour Emporium.
  4359 | D:6      | Found Moatommi's Magic Scroll Shop.
  4387 | D:6      | Bought a scroll of fear for 42 gold pieces
  4523 | D:6      | Found Qaagugho's Food Shoppe.
  4591 | D:6      | Found Ycrittum's Assorted Antiques.
  4661 | D:6      | Noticed Maggie
  4672 | D:6      | Killed Maggie
  4672 | D:6      | Reached skill level 8 in Long Blades
  4903 | D:6      | Found Urorr's Assorted Antiques.
  5069 | D:7      | Found a staircase to the Ecumenical Temple.
  5072 | D:7      | Noticed Prince Ribbit
  5347 | D:7      | Noticed a hornet
  5349 | D:7      | Paralysed by a hornet for 3 turns
  5370 | D:7      | Killed a hornet
  5370 | D:7      | Reached XP level 9. HP: 31/78 MP: 9/11
  5641 | D:7      | Reached skill level 9 in Long Blades
  5925 | Temple   | Entered the Ecumenical Temple
  6861 | D:7      | Killed Prince Ribbit
  7106 | D:8      | Reached *** piety under Yredelemnul
  7110 | D:8      | Reached skill level 10 in Long Blades
  7177 | D:8      | Noticed a two-headed ogre
  7189 | D:8      | Killed a two-headed ogre
  7422 | D:8      | Reached XP level 10. HP: 86/89 MP: 12/12
  7458 | D:8      | Received a gift from Yredelemnul (2 flying skulls)
  7969 | D:9      | Reached skill level 5 in Invocations
  8203 | D:9      | Reached skill level 11 in Long Blades
  8412 | D:9      | Found Loqaturroqo's Serpentskin Sales.
  8979 | D:10     | Entered Level 10 of the Dungeon
  9013 | D:10     | Found an ancient bone altar of Kikubaaqudgha.
  9101 | D:10     | Reached skill level 12 in Long Blades
  9101 | D:10     | Reached **** piety under Yredelemnul
  9194 | D:10     | Killed an unseen horror
  9536 | D:10     | Noticed a death yak
  9538 | D:10     | Found a staircase to the Lair.
  9538 | D:10     | Noticed a death yak
  9538 | D:10     | Noticed a death yak
  9545 | D:10     | Killed a death yak
  9545 | D:10     | Reached XP level 11. HP: 67/97 MP: 9/14
  9855 | D:10     | Noticed Urug
  9870 | D:10     | Killed Urug
 10052 | D:10     | Reached skill level 10 in Armour
 10121 | D:10     | Killed a death yak
 10121 | D:10     | Reached skill level 10 in Fighting
 10129 | D:10     | Killed a death yak
 10755 | D:11     | Noticed a death knight
 10755 | D:11     | Noticed a phantasmal warrior
 10840 | D:11     | Noticed a two-headed ogre
 10846 | D:11     | Killed a two-headed ogre
 10846 | D:11     | Reached skill level 13 in Long Blades
 10903 | D:11     | Noticed a five-headed hydra
 11221 | D:11     | Noticed a six-headed hydra
 11236 | D:11     | Killed a six-headed hydra
 11594 | D:11     | Slain by a death knight

Levels and vault maps discovered:
D:1:      ncdulo_wetmaze, layout_rooms
D:2:      layout_loops_corners, grunt_temple_overflow_holy_war,
          cheibriados_altar_1, nicolae_gozag_seed_capital,
          nemelex_lonely_heart_becter
D:3:      layout_basic, tgw_sif, first_ration, gup_sewer_entry_pipe,
          uniq_sigmund
D:4:      layout_basic, cheibrodos_ashenzari_chains,
          chequers_temple_overflow_minitemple, roderic_roman_lattice,
          minmay_misc_feat_square, uniq_ijyb, uniq_crazy_yiuf_cottage
D:5:      layout_loops_cross, grunt_temple_overflow_lords_of_destruction,
          kennysheep_nub
D:6:      layout_basic, serial_shops, nicolae_shop_overgrown_old_shop,
          kennysheep_little_box, shop, shop, shop, st_stairs_6, minmay_holes,
          minmay_hedge_maze, uniq_maggie
D:7:      layout_basic, minmay_temple_entry_statues_fountains,
          uniq_prince_ribbit1
D:8:      layout_cave_pools, hangedman_pestilent_swarm, lightli_orcish_oven
D:9:      layout_basic, guppyfry_shop_venom
D:10:     layout_basic, dpeg_lair_monsters, basic_altar, serial_bayou_pond_c,
          uniq_urug
D:11:     layout_cave_pools
Temple:   jpeg_temple_island

Skill      XL: |  1  2  3  4  5  6  7  8  9 10 11 |
---------------+----------------------------------+-----
Fighting       | 4 5 6 8 9 10 | 10.6
Armour         | 4 5 6 7 8 9 10 | 10.6
Long Blades    | 3 5 6 8 10 12 13 | 13.2
Shields        | 4 5 6 7 8 |  8.5
Invocations    | 1 2 4 6 |  6.5
Dodging        | 1 |  1.6
Short Blades   | |  0.9

Action                   |  1- 3 |  4- 6 |  7- 9 | 10-12 || total
-------------------------+-------+-------+-------+-------++-------
Melee: Long sword        |    43 |    97 |   302 |   298 ||   740
       Headbutt          |    10 |    18 |    71 |    90 ||   189
       Short sword       |       |       |       |    16 ||    16
Invok: Animate Remains   |       |       |    17 |       ||    17
       Animate Dead      |       |       |     2 |    21 ||    23
       Recall Undead Sla |       |       |       |     2 ||     2
  Use: Scroll            |     3 |     4 |     5 |     4 ||    16
       Potion            |       |     2 |     2 |       ||     4
 Stab: Distracted        |       |       |     1 |     2 ||     3
  Eat: Chunk             |       |     5 |    18 |    18 ||    41
       Ration            |       |       |     1 |     1 ||     2
Armor: Scale mail        |    26 |    46 |    43 |       ||   115
       Plate armour      |       |       |    67 |   174 ||   241
       Skin              |       |       |    14 |       ||    14
Dodge: Dodged            |    29 |    64 |    87 |   105 ||   285
Block: Buckler           |       |     2 |    49 |    76 ||   127
       Rpst.: Long sword |     3 |    21 |    23 |    17 ||    64

Table legend:
 A = Non-vault XP
 B = Vault XP
 C = Vault XP percentage of total XP
 D = Non-vault monster count
 E = Vault monster count
 F = Vault count percentage of total count
                 A         B        C        D         E       F
            +---------+---------+-------+---------+---------+-------
      Total |   13164 |    5067 |  27.8 |     221 |      42 |  16.0
            +---------+---------+-------+---------+---------+-------
        D:1 |      46 |       0 |   0.0 |      19 |       0 |   0.0
        D:2 |      30 |      37 |  55.2 |       6 |       1 |  14.3
        D:3 |     166 |     235 |  58.6 |      32 |       5 |  13.5
        D:4 |     235 |      75 |  24.2 |       6 |       2 |  25.0
        D:5 |     728 |      46 |   5.9 |      18 |       1 |   5.3
        D:6 |     337 |     421 |  55.5 |      11 |       2 |  15.4
        D:7 |    1668 |     264 |  13.7 |      33 |       1 |   2.9
        D:8 |    1406 |     750 |  34.8 |      13 |      10 |  43.5
        D:9 |    1715 |       3 |   0.2 |      23 |       2 |   8.0
       D:10 |    4138 |    3121 |  43.0 |      42 |      12 |  22.2
       D:11 |    2695 |       0 |   0.0 |      18 |       0 |   0.0
      Sewer |       0 |     115 | 100.0 |       0 |       6 | 100.0
            +---------+---------+-------+---------+---------+-------
